 Dungeon Crawl Stone Soup version 0.26.1-11-gd32895ea62 (webtiles) character file.

Game seed: 16024346890368138992

97 ZappyNine the Skirmisher (level 4, -6/38 HPs)
             Began as a Demigod Fighter on May 17, 2021.
             Killed by divine providence
             ... invoked by an orc priest
              (15 damage)
             ... on level 3 of the Dungeon.
             The game lasted 00:02:11 (2238 turns).

ZappyNine the Skirmisher (Demigod Fighter)          Turns: 2238, Time: 00:02:12

Health: -6/38      AC:  8    Str: 21    XL:     4   Next: 19%
Magic:  6/6        EV:  7    Int: 12    God:
Gold:   101        SH:  9    Dex: 15    Spells: 3/3 levels left

rFire    . . .     SeeInvis .   a - +0 long sword
rCold    . . .     Faith    .   c - +0 kite shield
rNeg     . . .     Spirit   .   b - +0 scale mail
rPois    .         Reflect  .   (no helmet)
rElec    .         Harm     .   h - +0 cloak
rCorr    .         Rampage  .   e - +0 pair of gloves
Will     .....                  (no boots)
Stlth    ..........             k - amulet of magic regeneration
HPRegen  0.12/turn              (no ring)
MPRegen  0.35/turn              (no ring)

@: mighty
A: high mp 1
a: no special abilities


You were on level 3 of the Dungeon.
You visited 1 branch of the dungeon, and saw 3 of its levels.

You collected 101 gold pieces.

Inventory:

Hand Weapons
 a - a +0 long sword (weapon)
 o - a +4 quarterstaff of chaos
Armour
 b - a +0 scale mail (worn)
 c - a +0 kite shield (worn)
 e - a +0 pair of gloves (worn)
 h - a +0 cloak (worn)
Jewellery
 k - an amulet of magic regeneration (around neck)
 n - an uncursed ring of see invisible {unknown}
Scrolls
 g - a scroll of enchant weapon {unknown}
 i - 3 scrolls of identify {unknown}
 m - a scroll of enchant armour {unknown}
Potions
 f - a potion of heal wounds {unknown}
 j - a potion of flight {unknown}
 l - a potion of haste {unknown}


   Skills:
 + Level 3.3 Fighting
 * Level 3.3 Long Blades
 - Level 2.6 Armour
 + Level 3.3 Shields


You had 3 spell levels left.
You didn't know any spells.
Your spell library was empty.

Dungeon Overview and Level Annotations

Branches:
Dungeon (3/15)


Innate Abilities, Weirdness & Mutations

You have an increased reservoir of magic. (+10% MP)


Message History

You block the orc's attack.
You hit the orc priest but do no damage.
The orc priest barely misses you. You block the orc priest's attack.
You hit the orc priest but do no damage.
You block the orc's attack. You block the orc priest's attack.
The orc hits you with a +0 flail.
You closely miss the orc priest. You block the orc's attack.
The orc priest hits you with a +0 dagger.
The orc hits you with a +0 flail!
You closely miss the orc priest. You block the orc's attack.
The orc priest closely misses you. The orc closely misses you.
You riposte.
Your shield and scale mail prevent you from hitting the orc.
The orc hits you but does no damage.
The orc priest mumbles some strange prayers to Beogh against you.
Beogh smites you!
* * * LOW HITPOINT WARNING * * *
You feel very mighty all of a sudden.
The orc priest mumbles some strange prayers to Beogh against you.
Beogh smites you!
You die...

###.#...##.######
# #...........#
#.####.####.#
#....#.# ###....#
#..### ...###..#
........#
..#####@#
......ooo..#
##.........#
#.........#
#.........#
#........##
#........#
##########


You could see an orc priest and 2 orcs.

Vanquished Creatures
  Crazy Yiuf (D:2)
  3 adders (D:2)
  2 worms (D:2)
  An orc (D:3)
  A ball python (D:1)
  8 bats
  A giant cockroach (D:1)
  6 goblins
  3 hobgoblins
  4 kobolds
  A frilled lizard (D:3)
  6 rats
37 creatures vanquished.

Notes
Turn   | Place    | Note
-------+----------+-------------------------------------------
     0 | D:1      | ZappyNine the Demigod Fighter began the quest for the Orb.
     0 | D:1      | Reached XP level 1. HP: 18/18 MP: 3/3
   527 | D:1      | Reached XP level 2. HP: 25/25 MP: 4/4
  1067 | D:2      | Found a runed translucent door.
  1068 | D:2      | Noticed Crazy Yiuf
  1174 | D:2      | Reached XP level 3. HP: 28/31 MP: 5/5
  2027 | D:2      | Killed Crazy Yiuf
  2028 | D:2      | Reached XP level 4. HP: 26/38 MP: 6/6
  2238 | D:3      | Killed from afar by an orc priest

Illustrated notes

Levels and vault maps discovered:
D:1:      shiori_arrival_oz, layout_loops_corners
D:2:      layout_basic, minmay_misc_feat_secret_circle, uniq_crazy_yiuf_cottage
D:3:      layout_basic

Skill      XL: |  1  2  3 |
---------------+----------+-----
Long Blades    | 2 3 |  3.3
Shields        | 3 |  3.3
Fighting       | 3 |  3.3
Armour         | |  2.6

Action                   |  1- 3 |  4- 6 || total
-------------------------+-------+-------++-------
Melee: Long sword        |   107 |    22 ||   129
       Unarmed           |     1 |       ||     1
  Use: Potion            |     1 |     1 ||     2
Armor: Scale mail        |    42 |    12 ||    54
Dodge: Dodged            |    27 |    14 ||    41
Block: Kite shield       |    59 |    17 ||    76
       Rpst.: Long sword |     7 |     2 ||     9
